 Dungeon Crawl Stone Soup version 0.31-a0-851-g7ff8af7976 (webtiles) character file.

Game seed: 2141103761094226341

163 Gladio the Ruffian (level 5, -4/49 HPs)
             Began as a Troll Shapeshifter on Oct 5, 2023.
             Slain by a gnoll
             ... wielding a +0 halberd
              (13 damage)
             ... on level 3 of the Dungeon.
             The game lasted 00:04:14 (1039 turns).

Gladio the Ruffian (Troll Shapeshifter)             Turns: 1039, Time: 00:04:14

Health: -4/49      AC:  4    Str: 28    XL:     5   Next: 20%
Magic:  4/4        EV: 10    Int:  6    God:
Gold:   50         SH:  0    Dex: 11    Spells: 4/4 levels left

rFire   . .          .
                       - Unarmed
rCold   . . .        (no shield)
rNeg    . . .        a - +0 animal skin
rPois   .            (helmet currently unavailable)
rElec   .            (cloak currently unavailable)
rCorr   .            (gloves unavailable)
SInv    .            (boots unavailable)
Will    .....        (no amulet)
Stlth   +            j - +6 ring of strength
HPRegen 1.08/turn    (no ring)
MPRegen 0.09/turn

%: no passive effects
@: beast-form
A: beast (slay +2), large, unfitting armour, claws 3, regeneration 1, shaggy fur
1, tough skin 1
a: Begin Untransformation


You were on level 3 of the Dungeon.
You were a hulking beast.
You visited 1 branch of the dungeon, and saw 3 of its levels.

You collected 50 gold pieces.

Inventory:

Armour
 a - a +0 animal skin (worn)
Jewellery
 j - a +6 ring of strength (left claw)
Talismans
 c - a beast talisman (active)
 d - a flux talisman
Wands
 e - a wand of light (5)
Scrolls
 f - a scroll of brand weapon
 g - a scroll of identify {unknown}
 i - a scroll of vulnerability {unknown}
 m - a scroll of noise {unknown}
Potions
 b - a potion of lignification
 h - a potion of degeneration {unknown}
 k - a potion of mutation {unknown}
 l - a potion of attraction {unknown}


   Skills:
 * Level 2.2 Fighting
 + Level 2.2 Dodging
 * Level 4.0 Unarmed Combat
 * Level 3.8 Shapeshifting


You had 4 spell levels left.
You didn't know any spells.
Your spell library contained the following spells:

 Spells                   Type           Power      Damage    Failure   Level
 Summon Small Mammal      Summ           0%         N/A       45%         1
 Call Canine Familiar     Summ           0%         N/A       83%         3
 Summon Guardian Golem    Hex/Summ       0%         N/A       83%         3
 Malign Gateway           Summ/Tloc      0%         N/A       100%        7
 Summon Horrible Things   Summ           0%         N/A       100%        8


Dungeon Overview and Level Annotations

Branches:
Dungeon (3/15)

Altars:


Innate Abilities, Weirdness & Mutations

You are a hulking beast.
Your limbs bulge with bestial killing power. (Slay +2)
You are too large for most types of armour.
You have claws for hands.
Your natural rate of healing is unusually fast.
You are covered in fur. (AC +1)
You have tough skin. (AC +1)


Message History

Search for what [? for help]? armor
There is a stone staircase leading down here.
You climb downwards.
Found a fuming coppery potion and a scroll labelled KERASI MAUNIO.
Found a stone staircase leading down.
There is a stone staircase leading up here.
l - a fuming coppery potion
m - a scroll labelled KERASI MAUNIO A gnoll comes into view.
It is wielding a +0 halberd.
The gnoll shouts!
A gnoll comes into view. It is wielding a +0 club.
A gnoll comes into view. It is wielding a +0 spear.
A gnoll comes into view. It is wielding a +0 halberd.
The gnoll shouts!
The gnoll hits you with a +0 halberd!
You barely miss the gnoll. You barely miss the gnoll.
The gnoll hits you with a +0 halberd! The gnoll barely misses you.
You claw the gnoll!
The gnoll is heavily wounded.
The gnoll barely misses you.
The gnoll hits you from afar with a +0 halberd!
The gnoll shouts!
You claw the gnoll!
You kill the gnoll!
The gnoll hits you from afar with a +0 halberd.
You are too injured to fight recklessly!
You are too injured to fight recklessly!
You are too injured to fight recklessly!
You are too injured to fight recklessly!
You are too injured to fight recklessly!
The gnoll attacks as it pursues you!
The gnoll hits you from afar with a +0 halberd.
The gnoll attacks as it pursues you!
The gnoll hits you from afar with a +0 halberd!
* * * LOW HITPOINT WARNING * * *
The gnoll attacks as it pursues you! The gnoll closely misses you.
There is a stone staircase leading up here.
The gnoll hits you from afar with a +0 halberd!
You die...

#....# .....##.#
.## ##..# #.)## #.#
#.##
#...##.#########
.#......#.....##
#...............##
##.......g.h.....#
..................#
..................#
.##.......>.......#
#...............#
##.............##
##.....#.....##
.....########


You could see a gnoll.

Vanquished Creatures
  Jessica (D:2)
  Natasha (thrice) (D:2)
  A gnoll (D:3)
  2 adders (D:2)
  A dart slug (D:1)
  2 endoplasms (D:2)
  2 goblins
  4 hobgoblins
  2 jackals (D:2)
  3 kobolds (D:2)
  A quokka (D:2)
  4 ball pythons
  9 bats
  4 rats
39 creatures vanquished.

Notes
Turn   | Place    | Note
-------+----------+-------------------------------------------
     0 | D:1      | Gladio the Troll Shapeshifter began the quest for the Orb.
     0 | D:1      | Reached XP level 1. HP: 18/18 MP: 0/0
   148 | D:1      | Reached skill level 1 in Fighting
   183 | D:1      | Reached XP level 2. HP: 25/27 MP: 1/1
   490 | D:2      | Noticed Natasha
   499 | D:2      | Killed Natasha
   500 | D:2      | Reached XP level 3. HP: 24/33 MP: 2/2
   623 | D:2      | Noticed Jessica
   629 | D:2      | Killed Jessica
   630 | D:2      | Reached XP level 4. HP: 42/42 MP: 3/3
   687 | D:2      | Identified the +4 dagger "Caog" {heavy, Int-4 Dex+4}
   847 | D:2      | Noticed Natasha
   856 | D:2      | Killed Natasha
   965 | D:2      | Noticed Natasha
   970 | D:2      | Killed Natasha
   971 | D:2      | Reached skill level 4 in Unarmed Combat
   971 | D:2      | Reached XP level 5. HP: 49/49 MP: 4/4
  1039 | D:3      | Slain by a gnoll

Illustrated notes

Levels and vault maps discovered:
D:1:      elethiomel_arrival_quiet, layout_rooms
D:2:      layout_basic, uniq_natasha, uniq_jessica
D:3:      layout_rooms

Skill      XL: |  1  2  3  4 |
---------------+-------------+-----
Fighting       | 1 2 |  2.2
Dodging        | 2 |  2.2
Unarmed Combat | 4 |  4.0
Shapeshifting  | |  3.8

Action                     |  1- 3 |  4- 6 || total
---------------------------+-------+-------++-------
  Melee: Unarmed           |    65 |    31 ||    96
         Punch             |     3 |     1 ||     4
    Use: Scroll            |     1 |       ||     1
         Potion            |     1 |       ||     1
 Armour: Animal skin       |    31 |    26 ||    57
  Dodge: Dodged            |    41 |    20 ||    61

Table legend: (Time is in decaauts)
 A = Elapsed time spent in this place.
 B = Non-inter-level travel time spent in this place.
 C = Inter-level travel time spent in this place.
 D = Time resting spent in this place.
 E = Time spent auto-exploring this place.
 F = Levels seen in this place.
 G = Mean time per level.
                   A        B        C        D        E       F      G
               +--------+--------+--------+--------+--------+-----+--------+
         Total |   1047 |    972 |     75 |      0 |    718 |   3 |  349.0 |
       Dungeon |   1047 |    972 |     75 |      0 |    718 |   3 |  349.0 |
               +--------+--------+--------+--------+--------+-----+--------+

Top non-repeatable levels by time:
     D:2: 571 daAuts
     D:1: 431 daAuts
     D:3: 44 daAuts
